[Event "2nd Namma Bengaluru Open-A 2025"]
[Site "Bengaluru"]
[Date "2025.04.13"]
[Round "5.23"]
[White "Panda Sambit"]
[Black "Anadkat Kartavya"]
[Result "1-0"]
[Annotator "ChessBase"]
[ECO "A30"]
[WhiteElo "2391"]
[BlackElo "2187"]
[PlyCount "31"]
[EventDate "2025.04.10"]
[EventType "swiss"]
[EventCountry "IND"]
[SourceTitle "playchess.com"]
[Source "ChessBase"]
[SourceQuality "1"]
[TimeControl "5400+30"]

1. Nf3 Nf6 2. c4 b6 3. g3 Bb7 4. Bg2 e6 5. O-O c5 6. Nc3 Be7 7. Re1 O-O 8. e4 d6 9. d4 cxd4 10. Nxd4 Qc7 11. Be3 a6 12. f4 Nbd7 13. g4 g6 14. g5 Nh5 15. f5 b5 16. Nb3 1-0

[Event "2nd Namma Bengaluru Open-A 2025"]
[Site "Bengaluru"]
[Date "2025.04.13"]
[Round "5.24"]
[White "Sammed Jaykumar, Shete"]
[Black "Rajarishi Karthi"]
[Result "1-0"]
[Annotator "ChessBase"]
[ECO "C07"]
[WhiteElo "2391"]
[BlackElo "2155"]
[PlyCount "51"]
[EventDate "2025.04.10"]
[EventType "swiss"]
[EventCountry "IND"]
[SourceTitle "playchess.com"]
[Source "ChessBase"]
[SourceQuality "1"]
[TimeControl "5400+30"]

1. e4 e6 2. d4 d5 3. Nd2 c5 4. exd5 Qxd5 5. dxc5 Bxc5 6. Ngf3 Nf6 7. Bc4 Qd8 8. O-O O-O 9. Qe2 Nc6 10. Nb3 Bd6 11. Bg5 Qc7 12. Bxf6 gxf6 13. Rad1 Ne5 14. Nxe5 fxe5 15. Rd3 f5 16. Rfd1 Be7 17. Rc3 Qc6 18. Rg3+ Kh8 19. Qxe5+ Rf6 20. Bb5 Qxc2 21. Rc1 Qe4 22. Qc7 Qb4 23. Nc5 Qd2 24. Nd3 Bf8 25. Qd8 Rf7 26. Be8 1-0

[Event "2nd Namma Bengaluru Open-A 2025"]
[Site "Bengaluru"]
[Date "2025.04.13"]
[Round "5.25"]
[White "Avirat Chauhan"]
[Black "Vignesh B"]
[Result "0-1"]
[Annotator "ChessBase"]
[ECO "B15"]
[WhiteElo "2145"]
[BlackElo "2191"]
[PlyCount "94"]
[EventDate "2025.04.10"]
[EventType "swiss"]
[EventCountry "IND"]
[SourceTitle "playchess.com"]
[Source "ChessBase"]
[SourceQuality "1"]
[TimeControl "5400+30"]

1. e4 c6 2. d4 d5 3. Nc3 dxe4 4. Nxe4 Nf6 5. Nxf6+ exf6 6. Be3 Qb6 7. Qe2 Bd6 8. O-O-O O-O 9. Qh5 Be6 10. Kb1 g6 11. Qe2 Qa5 12. c4 Bf5+ 13. Ka1 Na6 14. Bd2 Bb4 15. Nf3 Rfe8 16. Be3 Bf8 17. Rd3 Nb4 18. Ra3 Nc2+ 19. Qxc2 Bxa3 20. Bd3 Bxd3 21. Qxd3 Bf8 22. g4 b5 23. c5 Qd8 24. d5 Qxd5 25. Qxd5 cxd5 26. Rc1 Re4 27. Nd4 Rc8 28. Nxb5 d4 29. Nxd4 Rxc5 30. Rg1 Rd5 31. Ne2 Rd7 32. Nc3 Rc4 33. Kb1 Bc5 34. Bxc5 Rxc5 35. Kc2 Kg7 36. b4 Rc4 37. a3 Rf4 38. Rg2 Rf3 39. Nb1 Rd4 40. Kb2 Rdf4 41. b5 Rxf2+ 42. Rxf2 Rxf2+ 43. Kb3 Rxh2 44. a4 h5 45. gxh5 gxh5 46. a5 Re2 47. Nc3 Re6 0-1

[Event "2nd Namma Bengaluru Open-A 2025"]
[Site "Bengaluru"]
[Date "2025.04.13"]
[Round "5.26"]
[White "Srihari L R"]
[Black "Murugan, Krishnamoorthy"]
[Result "*"]
[Annotator "TA"]
[ECO "A45"]
[WhiteElo "2481"]
[BlackElo "2147"]
[PlyCount "117"]
[EventDate "2025.04.10"]
[EventType "swiss"]
[EventCountry "IND"]
[SourceTitle "playchess.com"]
[Source "ChessBase"]
[SourceQuality "1"]
[TimeControl "5400+30"]

1. d4 Nf6 2. Bf4 e6 3. e3 c5 4. c3 b6 5. Nd2 cxd4 6. exd4 {[%emt 0:00:10] A45: Trompowsky Attack.} Ba6 7. Bxa6 Nxa6 8. Nc4 $146 (8. Ngf3 Be7 9. h3 O-O 10. O-O d6 11. Qe2 Nc7 12. a4 Qd7 13. Rfe1 a6 14. Nc4 {0-1 Ovod,E (2260)-Omonova,U (2257) Wch Rapid (Women) 2023 (1)}) 8... Qc8 9. Qe2 b5 10. Ne3 Nc7 11. Nf3 Ncd5 12. Nxd5 Nxd5 13. Bd2 Rb8 14. O-O Be7 15. a4 Qc4 16. Qd1 a6 17. axb5 axb5 18. Ra7 d6 {[%emt 0:02:05] Prevents Ne5} 19. b3 Qc6 20. Qc2 O-O 21. Rfa1 Rfc8 22. R1a6 (22. Qd3 $11 {keeps the balance.}) 22... Rb6 (22... Qxa6 $1 $17 23. Rxa6 Nb4) 23. Rxb6 (23. Ra1 $11) 23... Qxb6 $17 24. Qa2 Nxc3 25. Bxc3 Rxc3 26. h3 Bf8 27. Ra8 h6 28. d5 e5 (28... exd5 29. Qe2 Rc1+ (29... Rxb3 $2 30. Qe7 $18) 30. Kh2 $11) 29. Re8 Qb7 30. Qa5 Rc7 (30... Rxb3 $2 31. Rxf8+ Kh7 32. Qd8 Rxf3 33. gxf3 $18) 31. Nd2 (31. Ne1 $17) 31... g6 (31... Rc1+ $6 32. Kh2 Rc8 (32... Qxd5 $2 33. Rxf8+ Kh7 34. Qb4 $18) 33. Rxc8 Qxc8 34. Qxb5 $15) 32. Ne4 Kg7 $1 33. Kh2 (33. Nc3 $17) 33... Be7 $1 $19 34. Nc3 (34. Ra8 {keeps fighting.}) 34... b4 $2 (34... Rc5 $19 {is more deadly.} 35. Qb4 Qd7) 35. Ne4 $17 f5 (35... Qa7 {simplifies} 36. Qxa7 Rxa7 37. Nd2 Bh4) 36. Rxe7+ $2 Rxe7 $19 37. Nxd6 $17 {[%emt 0:00:02][%mdl 4096] Endgame KQR-KQN} Qa7 38. Qxb4 Rd7 $1 (38... Qxf2 39. Nxf5+ Qxf5 40. Qxe7+ Kg8 41. Qc5 $18) 39. Ne8+ Kf7 40. Nd6+ Kg7 41. Ne8+ Kf7 42. Nd6+ Kg8 43. f3 Qc7 44. Nb5 Qc1 ({Black should try} 44... Qb6 $19 45. Qc4 e4 46. fxe4 fxe4 47. Qc8+ Qd8) 45. Qc4 Qf4+ 46. Kg1 Qe3+ 47. Kh1 {[%emt 0:00:08] And now Qc8+ would win.} Qb6 48. b4 {[%emt 0:02:34] [#]} (48. Qc8+ $17 {only move.} Rd8 49. Qc4) 48... Kg7 $2 (48... Rb7 $1 $19 49. Qc6 Qxb5 (49... Qxc6 $2 50. dxc6 Rb6 51. Na7 $18) 50. Qxg6+ Kf8 51. Qxh6+ Ke8 52. Qe6+ Kd8 53. Qf6+ Kc8 54. Qh8+ Kd7 55. Qxe5 Qxb4 56. Qxf5+ Kd8 57. Qf6+ Qe7) 49. d6 {[%emt 0:01:50] [#]} (49. Qc6 $1 $15 Qb7 (49... Rb7 $2 50. Nd6 $18) 50. Nc3) 49... Kf6 (49... Qa6 $1 $17 {Threatens to win with ...Rb7.} 50. Qd5 e4) 50. Nc7 $11 {[%emt 0:00:37] Threatening mate with Ne8+.} Rxd6 51. Ne8+ Ke7 52. Nxd6 Qxd6 {[%emt 0:00:00] KQ-KQ} 53. b5 f4 (53... Qd1+ $11 54. Kh2 Qd6) 54. Qb3 (54. Kh2 $142) 54... Qb6 55. Qg8 (55. Kh2 $16) 55... Qxb5 {[%emt 0:00:00] The position is equal.} 56. Qg7+ Kd8 57. Qxh6 Qb1+ 58. Kh2 Qf5 {[%emt 0:00:03] Prevents Qg5+.  Loses game:     	White=2     	---        Missed win:     	---       	Black=2      Mistake:       	White=9     	Black=4      Inaccurate:     	White=1     	Black=2      OK:         	White=23    	Black=19     Best:        	White=2     	Black=7      Strong:       	---       	Black=2} 59. Qxg6 $2 {[%emt 0:02:36][%mdl 8192] Weighted Error Value: White=0.24 (precise) /Black=0.28 (precise)} *

[Event "2nd Namma Bengaluru Open-A 2025"]
[Site "Bengaluru"]
[Date "2025.04.13"]
[Round "5.27"]
[White "Bhoir Paras Dilip"]
[Black "Shahil Dey"]
[Result "1/2-1/2"]
[Annotator "ChessBase"]
[ECO "C66"]
[WhiteElo "2085"]
[BlackElo "2360"]
[PlyCount "62"]
[EventDate "2025.04.10"]
[EventType "swiss"]
[EventCountry "IND"]
[SourceTitle "playchess.com"]
[Source "ChessBase"]
[SourceQuality "1"]
[TimeControl "5400+30"]

1. e4 e5 2. Nf3 Nc6 3. Bb5 a6 4. Ba4 d6 5. c3 Bd7 6. O-O Nf6 7. Re1 g6 8. h3 Bg7 9. d4 O-O 10. dxe5 Nxe5 11. Nxe5 dxe5 12. Bc2 Nh5 13. Nd2 Qe7 14. Nf3 Rad8 15. Qe2 Bb5 16. c4 Bc6 17. Bg5 Bf6 18. Bxf6 Qxf6 19. g3 Qe7 20. Qe3 Bd7 21. Kg2 Qe6 22. Rh1 Bc6 23. c5 Kg7 24. Rhe1 h6 25. b4 Rfe8 26. Bb3 Qe7 27. Rad1 Nf6 28. Bc2 a5 29. a3 axb4 30. axb4 Rxd1 31. Rxd1 Ra8 1/2-1/2

[Event "2nd Namma Bengaluru Open-A 2025"]
[Site "Bengaluru"]
[Date "2025.04.13"]
[Round "5.28"]
[White "Soham Roy"]
[Black "Subhayan Kundu"]
[Result "0-1"]
[Annotator "ChessBase"]
[ECO "C11"]
[WhiteElo "2085"]
[BlackElo "2356"]
[PlyCount "84"]
[EventDate "2025.04.10"]
[EventType "swiss"]
[EventCountry "IND"]
[SourceTitle "playchess.com"]
[Source "ChessBase"]
[SourceQuality "1"]
[TimeControl "5400+30"]

1. e4 e6 2. d4 d5 3. Nc3 Nf6 4. e5 Nfd7 5. f4 c5 6. Nf3 Nc6 7. Be3 Be7 8. Qd2 O-O 9. dxc5 Qa5 10. Nd4 Bxc5 11. Nb3 Bxe3 12. Qxe3 Qb4 13. a3 Qe7 14. Be2 Ndxe5 15. fxe5 d4 16. Qg3 dxc3 17. O-O-O cxb2+ 18. Kxb2 a5 19. a4 Bd7 20. Bb5 Rfd8 21. Rd6 Nb4 22. c4 Bxb5 23. axb5 a4 24. Nd2 Qc7 25. Ra1 Rxd6 26. exd6 Qc5 27. d7 Qd4+ 28. Qc3 Nd3+ 29. Kc2 Qxc3+ 30. Kxc3 Nc5 31. Kb4 b6 32. Nf3 Rd8 33. Rd1 Rxd7 34. Rxd7 Nxd7 35. Kxa4 Kf8 36. Kb4 Ke7 37. Kc3 Kd6 38. Ng5 f6 39. Nf3 e5 40. Kd3 f5 41. Nd2 g6 42. g3 e4+ 0-1

[Event "2nd Namma Bengaluru Open-A 2025"]
[Site "Bengaluru"]
[Date "2025.04.13"]
[Round "5.29"]
[White "Podolchenko, Evgeniy"]
[Black "Bivor Adak"]
[Result "1-0"]
[Annotator "ChessBase"]
[ECO "D35"]
[WhiteElo "2307"]
[BlackElo "2100"]
[PlyCount "59"]
[EventDate "2025.04.10"]
[EventType "swiss"]
[EventCountry "IND"]
[SourceTitle "playchess.com"]
[Source "ChessBase"]
[SourceQuality "1"]
[TimeControl "5400+30"]

1. d4 d5 2. c4 e6 3. Nc3 Nf6 4. cxd5 exd5 5. Bg5 Bb4 6. e3 h6 7. Bh4 g5 8. Bg3 Ne4 9. Rc1 h5 10. f3 Nxg3 11. hxg3 Qd6 12. Kf2 h4 13. gxh4 Bxc3 14. Rxc3 gxh4 15. Ne2 Nc6 16. Nf4 Bd7 17. Qb3 O-O-O 18. Qxd5 Qf6 19. Qc5 Kb8 20. d5 Ne5 21. Qxc7+ Ka8 22. Rb3 Rb8 23. Nd3 Ng4+ 24. Kg1 Nxe3 25. Qxd7 Qd4 26. Rb4 Qg7 27. Rhxh4 Rhg8 28. Ra4 a6 29. Ne1 Qg3 30. Bxa6 1-0

[Event "2nd Namma Bengaluru Open-A 2025"]
[Site "Bengaluru"]
[Date "2025.04.13"]
[Round "5.30"]
[White "Arnav Maheshwari"]
[Black "Kumaresh A"]
[Result "1/2-1/2"]
[Annotator "ChessBase"]
[ECO "D95"]
[WhiteElo "2305"]
[BlackElo "2097"]
[PlyCount "64"]
[EventDate "2025.04.10"]
[EventType "swiss"]
[EventCountry "IND"]
[SourceTitle "playchess.com"]
[Source "ChessBase"]
[SourceQuality "1"]
[TimeControl "5400+30"]

1. d4 Nf6 2. c4 g6 3. Nc3 d5 4. Nf3 Bg7 5. e3 O-O 6. Qb3 dxc4 7. Bxc4 c5 8. Ng5 e6 9. dxc5 Qc7 10. Nce4 Nxe4 11. Nxe4 Nd7 12. Bd2 b6 13. Be2 Bb7 14. c6 Bxc6 15. Rc1 Nc5 16. Nxc5 bxc5 17. Rxc5 Qd6 18. Rxc6 Qxc6 19. Bf3 Qa6 20. Bb7 Qb6 21. Bxa8 Rxa8 22. Bc3 Rb8 23. Qxb6 Bxc3+ 24. bxc3 Rxb6 25. Ke2 Rb2+ 26. Kf3 Rc2 27. Rb1 Rxc3 28. Rb8+ Kg7 29. Rb7 Ra3 30. Rb2 Ra4 31. Rd2 Kf6 32. h3 h5 1/2-1/2